Map: Benchmarker - Dusk Towers

Players

blackxored

  • Race: Zerg Zerg
  • League: Diamond

Yourself

  • Race: Protoss Protoss

VOD

Have the link to the VOD?

Description

Time

  • Played on: July 1, 2016, 10:30 a.m.
  • Length: 20:36
Show
View Real Time Build Order
Export as new Build Order

blackxored Zerg 

Build Orders: Pool First 

Get SALT Encoding   

  12  4:25  Terran Vehicle And Ship Armor Level 3, Terran Infantry Armor Level 3, Zerg Missile Weapons Level 3, Protoss Shields Level 3, Terran Infantry Weapons Level 3, Zerg Flyer Armor Level 3, Terran Vehicle and Ship Weapons Level 3, Zerg Ground Armor Level 3, Terran Ship Armor Level 3, Zerg Melee Weapons Level 3, Zerg Flyer Weapons Level 3, Terran Vehicle Armor Level 3, Protoss Ground Armor Level 3, Terran Ship Weapons Level 3, Protoss Air Weapons Level 3, Protoss Ground Weapons Level 3, Terran Vehicle Weapons Level 3, Protoss Air Armor Level 3  
  12  4:46  Terran Vehicle And Ship Armor Level 2, Zerg Flyer Weapons Level 2, Protoss Ground Weapons Level 2, Zerg Melee Weapons Level 2, Terran Vehicle Armor Level 2, Zerg Flyer Armor Level 2, Zerg Ground Armor Level 2, Terran Infantry Weapons Level 2, Terran Vehicle Weapons Level 2, Protoss Shields Level 2, Terran Infantry Armor Level 2, Protoss Air Armor Level 2, Zerg Missile Weapons Level 2, Protoss Ground Armor Level 2, Terran Ship Armor Level 2, Terran Vehicle and Ship Weapons Level 2, Protoss Air Weapons Level 2, Terran Ship Weapons Level 2  
  12  4:56  Terran Vehicle And Ship Armor Level 3, Terran Infantry Armor Level 3, Zerg Missile Weapons Level 3, Protoss Shields Level 3, Terran Infantry Weapons Level 3, Zerg Flyer Armor Level 3, Terran Vehicle and Ship Weapons Level 3, Zerg Ground Armor Level 3, Terran Ship Armor Level 3, Zerg Melee Weapons Level 3, Zerg Flyer Weapons Level 3, Terran Vehicle Armor Level 3, Protoss Ground Armor Level 3, Terran Ship Weapons Level 3, Protoss Air Weapons Level 3, Protoss Ground Weapons Level 3, Terran Vehicle Weapons Level 3, Protoss Air Armor Level 3  
  12  5:01  Blink, Stimpack  
  12  5:08  Terran Ship Armor Level 1, Terran Infantry Armor Level 1, Protoss Shields Level 1, Zerg Flyer Armor Level 1, Zerg Ground Armor Level 1, Zerg Flyer Weapons Level 1, Protoss Ground Armor Level 1, Protoss Ground Weapons Level 1, Terran Vehicle And Ship Armor Level 1, Protoss Air Armor Level 1, Zerg Melee Weapons Level 1, Terran Vehicle and Ship Weapons Level 1, Terran Vehicle Weapons Level 1, Warp Gate, Zerg Missile Weapons Level 1, Protoss Air Weapons Level 1, Terran Infantry Weapons Level 1, Terran Vehicle Armor Level 1, Terran Ship Weapons Level 1  
  12  5:17  Terran Vehicle And Ship Armor Level 2, Zerg Flyer Weapons Level 2, Protoss Ground Weapons Level 2, Zerg Melee Weapons Level 2, Terran Vehicle Armor Level 2, Zerg Flyer Armor Level 2, Zerg Ground Armor Level 2, Terran Infantry Weapons Level 2, Terran Vehicle Weapons Level 2, Protoss Shields Level 2, Terran Infantry Armor Level 2, Protoss Air Armor Level 2, Zerg Missile Weapons Level 2, Protoss Ground Armor Level 2, Terran Ship Armor Level 2, Terran Vehicle and Ship Weapons Level 2, Protoss Air Weapons Level 2, Terran Ship Weapons Level 2  
  12  5:22  Charge, Resonating Glaives, Extended Thermal Lance, Building Armor  
  12  5:29  Adrenal Glands, Ventral Sacs  
  12  5:32  Blink, Stimpack  
  12  5:35  Enduring Locusts  
  12  5:36  Personal Cloaking  
  12  5:39  Terran Ship Armor Level 1, Terran Infantry Armor Level 1, Protoss Shields Level 1, Zerg Flyer Armor Level 1, Zerg Ground Armor Level 1, Zerg Flyer Weapons Level 1, Protoss Ground Armor Level 1, Protoss Ground Weapons Level 1, Terran Vehicle And Ship Armor Level 1, Protoss Air Armor Level 1, Zerg Melee Weapons Level 1, Terran Vehicle and Ship Weapons Level 1, Terran Vehicle Weapons Level 1, Warp Gate, Zerg Missile Weapons Level 1, Protoss Air Weapons Level 1, Terran Infantry Weapons Level 1, Terran Vehicle Armor Level 1, Terran Ship Weapons Level 1  
  12  5:42  Psionic Storm  
  12  5:43  Cloaking Field, Combat Shields, Tunneling Claws, Centrifical Hooks, Glial Reconstitution, Neural Parasite, Neosteel Frame, Unknown, Corvid Reactor, Metabolic Boost, Infernal Pre-Igniter, Chitinous Plating  
  12  5:51  Burrow, Muscular Augments x2  
  12  5:53  Charge, Resonating Glaives, Extended Thermal Lance, Building Armor  
  12  5:58  Anion Pulse-Crystals  
  12  6:00  Adrenal Glands, Ventral Sacs  
  12  6:05  Pathogen Glands, Graviton Catapult, Gravitic Drive, Observer Gravitic Boosters, Hi-Sec Auto Tracking  
  12  6:06  Enduring Locusts  
  12  6:07  Personal Cloaking  
  12  6:13  Psionic Storm  
  12  6:14  Cloaking Field, Combat Shields, Tunneling Claws, Centrifical Hooks, Glial Reconstitution, Neural Parasite, Neosteel Frame, Unknown, Corvid Reactor, Metabolic Boost, Infernal Pre-Igniter, Chitinous Plating  
  12  6:19  Pneumatized Carapace, Concussive Shells  
  12  6:22  Burrow, Muscular Augments x2  
  12  6:29  Anion Pulse-Crystals  
  12  6:36  Pathogen Glands, Graviton Catapult, Gravitic Drive, Observer Gravitic Boosters, Hi-Sec Auto Tracking  
  12  6:42  Terran Vehicle And Ship Armor Level 3, Terran Infantry Armor Level 3, Zerg Missile Weapons Level 3, Protoss Shields Level 3, Terran Infantry Weapons Level 3, Zerg Flyer Armor Level 3, Terran Vehicle and Ship Weapons Level 3, Zerg Ground Armor Level 3, Terran Ship Armor Level 3, Zerg Melee Weapons Level 3, Zerg Flyer Weapons Level 3, Terran Vehicle Armor Level 3, Protoss Ground Armor Level 3, Terran Ship Weapons Level 3, Protoss Air Weapons Level 3, Protoss Ground Weapons Level 3, Terran Vehicle Weapons Level 3, Protoss Air Armor Level 3  
  12  6:45  Overlord  
    6:50  Pneumatized Carapace, Concussive Shells  
    6:51  Drone x12  
    7:02  Unknown x4  
    7:03  Terran Vehicle And Ship Armor Level 2, Zerg Flyer Weapons Level 2, Unknown, Protoss Ground Weapons Level 2, Zerg Melee Weapons Level 2, Terran Vehicle Armor Level 2, Zerg Flyer Armor Level 2, Zerg Ground Armor Level 2, Terran Infantry Weapons Level 2, Terran Vehicle Weapons Level 2, Protoss Shields Level 2, Terran Infantry Armor Level 2, Protoss Air Armor Level 2, Zerg Missile Weapons Level 2, Protoss Ground Armor Level 2, Terran Ship Armor Level 2, Terran Vehicle and Ship Weapons Level 2, Protoss Air Weapons Level 2, Terran Ship Weapons Level 2  
    7:05  Drone  
  13  7:12  Drone  
  13  7:15  Overlord  
  14  7:18  Blink, Stimpack  
  14  7:21  Drone x12  
  14  7:25  Terran Ship Armor Level 1, Terran Infantry Armor Level 1, Protoss Shields Level 1, Zerg Flyer Armor Level 1, Zerg Ground Armor Level 1, Zerg Flyer Weapons Level 1, Protoss Ground Armor Level 1, Protoss Ground Weapons Level 1, Terran Vehicle And Ship Armor Level 1, Protoss Air Armor Level 1, Zerg Melee Weapons Level 1, Terran Vehicle and Ship Weapons Level 1, Terran Vehicle Weapons Level 1, Warp Gate, Zerg Missile Weapons Level 1, Protoss Air Weapons Level 1, Terran Infantry Weapons Level 1, Terran Vehicle Armor Level 1, Terran Ship Weapons Level 1  
  14  7:27  Extractor  
  15  7:33  Unknown x5  
  15  7:35  Drone  
  13  7:39  Charge, Resonating Glaives, Extended Thermal Lance, Building Armor  
  13  7:44  Drone  
  14  7:46  Adrenal Glands, Ventral Sacs  
  14  7:52  Enduring Locusts  
  14  7:53  Personal Cloaking  
  14  7:57  Extractor  
  14  7:58  Drone  
  14  7:59  Psionic Storm  
  14  8:00  Cloaking Field, Combat Shields, Tunneling Claws, Centrifical Hooks, Glial Reconstitution, Neural Parasite, Neosteel Frame, Unknown, Corvid Reactor, Metabolic Boost, Infernal Pre-Igniter, Chitinous Plating  
  14  8:05  Spawning Pool  
  13  8:08  Burrow, Muscular Augments x2  
  13  8:09  Drone  
  14  8:13  Extractor  
  14  8:14  Drone  
  14  8:15  Anion Pulse-Crystals  
  15  8:22  Overlord, Pathogen Glands, Observer Gravitic Boosters, Hi-Sec Auto Tracking, Graviton Catapult, Gravitic Drive  
  15  8:36  Pneumatized Carapace, Concussive Shells  
  15  8:40  Drone  
  15  8:41  Drone  
  17  8:46  Drone  
  18  9:00  Zergling x2  
  18  9:01  Overlord  
  21  9:07  Drone x12  
  22  9:19  Unknown x5  
  22  9:21  Drone  
  13  9:27  Drone  
  13  9:29  Terran Vehicle And Ship Armor Level 3, Terran Infantry Armor Level 3, Zerg Missile Weapons Level 3, Protoss Shields Level 3, Terran Infantry Weapons Level 3, Zerg Flyer Armor Level 3, Terran Vehicle and Ship Weapons Level 3, Zerg Ground Armor Level 3, Terran Ship Armor Level 3, Zerg Melee Weapons Level 3, Zerg Flyer Weapons Level 3, Terran Vehicle Armor Level 3, Protoss Ground Armor Level 3, Terran Ship Weapons Level 3, Protoss Air Weapons Level 3, Protoss Ground Weapons Level 3, Terran Vehicle Weapons Level 3, Protoss Air Armor Level 3  
  14  9:41  Extractor  
  14  9:42  Drone  
  14  9:50  Terran Vehicle And Ship Armor Level 2, Zerg Flyer Weapons Level 2, Protoss Ground Weapons Level 2, Zerg Melee Weapons Level 2, Terran Vehicle Armor Level 2, Zerg Flyer Armor Level 2, Zerg Ground Armor Level 2, Terran Infantry Weapons Level 2, Terran Vehicle Weapons Level 2, Protoss Shields Level 2, Terran Infantry Armor Level 2, Protoss Air Armor Level 2, Zerg Missile Weapons Level 2, Protoss Ground Armor Level 2, Terran Ship Armor Level 2, Terran Vehicle and Ship Weapons Level 2, Protoss Air Weapons Level 2, Terran Ship Weapons Level 2  
  14  9:51  Spawning Pool  
  13  9:55  Drone  
  14  10:03  Overlord  
  14  10:05  Blink, Stimpack  
  14  10:09  Extractor  
  14  10:10  Drone  
  14  10:12  Terran Ship Armor Level 1, Terran Infantry Armor Level 1, Protoss Shields Level 1, Zerg Flyer Armor Level 1, Zerg Ground Armor Level 1, Zerg Flyer Weapons Level 1, Protoss Ground Armor Level 1, Protoss Ground Weapons Level 1, Terran Vehicle And Ship Armor Level 1, Protoss Air Armor Level 1, Zerg Melee Weapons Level 1, Terran Vehicle and Ship Weapons Level 1, Terran Vehicle Weapons Level 1, Warp Gate, Zerg Missile Weapons Level 1, Protoss Air Weapons Level 1, Terran Infantry Weapons Level 1, Terran Vehicle Armor Level 1, Terran Ship Weapons Level 1  
  15  10:26  Charge, Resonating Glaives, Extended Thermal Lance, Drone, Building Armor  
  15  10:27  Drone  
  17  10:32  Drone  
  17  10:33  Adrenal Glands, Ventral Sacs  
  18  10:38  Queen  
  18  10:39  Enduring Locusts  
  18  10:40  Personal Cloaking  
  20  10:45  Overlord  
  20  10:46  Psionic Storm  
  20  10:47  Cloaking Field, Combat Shields, Tunneling Claws, Centrifical Hooks, Glial Reconstitution, Neural Parasite, Neosteel Frame, Unknown, Corvid Reactor, Metabolic Boost, Infernal Pre-Igniter, Chitinous Plating  
  20  10:55  Burrow, Muscular Augments x2  
  20  10:56  Drone  
  21  11:02  Anion Pulse-Crystals  
  21  11:07  Baneling Nest  
  21  11:09  Pathogen Glands, Graviton Catapult, Gravitic Drive, Observer Gravitic Boosters, Hi-Sec Auto Tracking  
  20  11:13  Zergling x2  
  21  11:21  Zergling x2  
  21  11:23  Pneumatized Carapace, Concussive Shells  
  22  11:32  Zergling x2  
  23  11:43  Zergling x2  
  24  11:48  Overlord, Zergling x6  
  27  11:54  Drone x12  
  27  12:06  Unknown x5  
  12  12:08  Drone  
  13  12:16  Drone  
  14  12:30  Extractor  
  14  12:31  Drone  
  14  12:37  Spawning Pool  
  14  12:42  Drone  
  14  12:50  Overlord  
  14  12:57  Extractor  
  13  12:58  Drone  
  15  13:10  Drone x2  
  17  13:20  Drone  
  18  13:27  Queen  
  18  13:29  Drone  
  21  13:37  Overlord  
  21  13:40  Metabolic Boost  
  21  13:57  Baneling Nest  
  21  13:59  Zergling x4  
  22  14:09  Zergling x2  
  23  14:20  Drone  
  23  14:23  Hatchery  
  23  14:30  Zergling x2  
  24  14:38  Zergling x6  
  27  14:46  Overlord  
  27  14:56  Zergling x2  
  28  15:06  Zergling x2  
  29  15:08  Zergling x6  
  32  15:19  Overlord  
  32  15:21  Baneling  
  32  15:22  Baneling x5  
  32  15:30  Zergling x2  
  32  15:53  Terran Vehicle And Ship Armor Level 3, Terran Infantry Armor Level 3, Zerg Missile Weapons Level 3, Protoss Shields Level 3, Terran Infantry Weapons Level 3, Zerg Flyer Armor Level 3, Terran Vehicle and Ship Weapons Level 3, Zerg Ground Armor Level 3, Terran Ship Armor Level 3, Zerg Melee Weapons Level 3, Zerg Flyer Weapons Level 3, Terran Vehicle Armor Level 3, Protoss Ground Armor Level 3, Terran Ship Weapons Level 3, Protoss Air Weapons Level 3, Protoss Ground Weapons Level 3, Terran Vehicle Weapons Level 3, Protoss Air Armor Level 3  
  32  15:55  Zergling x4  
  32  15:56  Zergling x8  
  36  15:57  Queen  
  36  15:59  Queen  
  41  16:04  Drone  
  40  16:13  Terran Vehicle And Ship Armor Level 2, Zerg Flyer Weapons Level 2, Protoss Ground Weapons Level 2, Zerg Melee Weapons Level 2, Terran Vehicle Armor Level 2, Zerg Flyer Armor Level 2, Zerg Ground Armor Level 2, Terran Infantry Weapons Level 2, Terran Vehicle Weapons Level 2, Protoss Shields Level 2, Terran Infantry Armor Level 2, Protoss Air Armor Level 2, Zerg Missile Weapons Level 2, Protoss Ground Armor Level 2, Terran Ship Armor Level 2, Terran Vehicle and Ship Weapons Level 2, Protoss Air Weapons Level 2, Terran Ship Weapons Level 2  
  40  16:18  Zergling x4  
  40  16:19  Zergling x4  
  44  16:28  Zergling x2, Blink, Stimpack  
  44  16:29  Zergling x6  
  44  16:32  Overlord  
  48  16:36  Terran Ship Armor Level 1, Terran Infantry Armor Level 1, Protoss Shields Level 1, Zerg Flyer Armor Level 1, Zerg Ground Armor Level 1, Zerg Flyer Weapons Level 1, Protoss Ground Armor Level 1, Protoss Ground Weapons Level 1, Terran Vehicle And Ship Armor Level 1, Protoss Air Armor Level 1, Zerg Melee Weapons Level 1, Terran Vehicle and Ship Weapons Level 1, Terran Vehicle Weapons Level 1, Warp Gate, Zerg Missile Weapons Level 1, Protoss Air Weapons Level 1, Terran Infantry Weapons Level 1, Terran Vehicle Armor Level 1, Terran Ship Weapons Level 1  
  48  16:40  Zergling x4  
  50  16:50  Overlord, Charge, Resonating Glaives, Extended Thermal Lance, Building Armor  
  50  16:53  Drone  
  51  16:57  Adrenal Glands, Ventral Sacs  
  51  17:00  Terran Vehicle And Ship Armor Level 3, Terran Infantry Armor Level 3, Zerg Missile Weapons Level 3, Protoss Shields Level 3, Terran Infantry Weapons Level 3, Zerg Flyer Armor Level 3, Terran Vehicle and Ship Weapons Level 3, Zerg Ground Armor Level 3, Terran Ship Armor Level 3, Zerg Melee Weapons Level 3, Zerg Flyer Weapons Level 3, Terran Vehicle Armor Level 3, Protoss Ground Armor Level 3, Terran Ship Weapons Level 3, Protoss Air Weapons Level 3, Protoss Ground Weapons Level 3, Terran Vehicle Weapons Level 3, Protoss Air Armor Level 3  
  51  17:03  Enduring Locusts  
  51  17:04  Personal Cloaking  
  51  17:05  Drone x2  
  51  17:08  Overlord  
  53  17:09  Drone x3  
  53  17:10  Psionic Storm  
  53  17:11  Cloaking Field, Drone, Combat Shields, Tunneling Claws, Centrifical Hooks, Glial Reconstitution, Neural Parasite, Neosteel Frame, Unknown, Corvid Reactor, Metabolic Boost, Infernal Pre-Igniter, Chitinous Plating  
  53  17:14  Drone  
  58  17:19  Burrow, Muscular Augments x2  
  58  17:20  Drone  
  58  17:21  Terran Vehicle And Ship Armor Level 2, Zerg Flyer Weapons Level 2, Protoss Ground Weapons Level 2, Zerg Melee Weapons Level 2, Terran Ship Weapons Level 2, Drone, Zerg Flyer Armor Level 2, Zerg Ground Armor Level 2, Terran Infantry Weapons Level 2, Terran Vehicle Weapons Level 2, Protoss Shields Level 2, Terran Infantry Armor Level 2, Protoss Air Armor Level 2, Zerg Missile Weapons Level 2, Protoss Ground Armor Level 2, Terran Ship Armor Level 2, Terran Vehicle and Ship Weapons Level 2, Protoss Air Weapons Level 2, Terran Vehicle Armor Level 2  
  60  17:25  Drone  
  60  17:26  Anion Pulse-Crystals  
  60  17:28  Drone  
  62  17:33  Pathogen Glands, Graviton Catapult, Gravitic Drive, Observer Gravitic Boosters, Hi-Sec Auto Tracking  
  62  17:35  Drone  
  62  17:36  Blink, Stimpack  
  63  17:43  Terran Ship Armor Level 1, Terran Infantry Armor Level 1, Protoss Shields Level 1, Zerg Flyer Armor Level 1, Zerg Ground Armor Level 1, Zerg Flyer Weapons Level 1, Protoss Ground Armor Level 1, Protoss Ground Weapons Level 1, Terran Vehicle And Ship Armor Level 1, Protoss Air Armor Level 1, Zerg Melee Weapons Level 1, Terran Vehicle and Ship Weapons Level 1, Terran Vehicle Weapons Level 1, Warp Gate, Zerg Missile Weapons Level 1, Protoss Air Weapons Level 1, Terran Infantry Weapons Level 1, Terran Vehicle Armor Level 1, Terran Ship Weapons Level 1  
  63  17:47  Pneumatized Carapace, Concussive Shells  
  63  17:53  Drone x2  
  63  17:54  Drone  
  63  17:57  Charge, Resonating Glaives, Extended Thermal Lance, Building Armor  
  66  18:04  Adrenal Glands, Ventral Sacs  
  70  18:10  Enduring Locusts  
  70  18:11  Personal Cloaking  
  70  18:12  Overlord  
  55  18:17  Psionic Storm  
  55  18:18  Cloaking Field, Drone x12, Combat Shields, Tunneling Claws, Centrifical Hooks, Glial Reconstitution, Neural Parasite, Neosteel Frame, Unknown, Corvid Reactor, Metabolic Boost, Infernal Pre-Igniter, Chitinous Plating  
    18:26  Burrow, Muscular Augments x2  
    18:30  Unknown x5  
    18:32  Drone  
    18:33  Anion Pulse-Crystals  
  13  18:39  Drone  
  13  18:40  Pathogen Glands, Graviton Catapult, Gravitic Drive, Observer Gravitic Boosters, Hi-Sec Auto Tracking  
  14  18:54  Extractor, Pneumatized Carapace, Concussive Shells  
  14  18:55  Drone  
  14  19:01  Spawning Pool  
  13  19:06  Drone  
  14  19:14  Overlord  
  14  19:19  Overlord  
  14  19:25  Drone x12  
  14  19:28  Extractor  
  15  19:37  Unknown x5  
  12  19:39  Drone  
  13  19:45  Drone  
  14  20:00  Extractor  
  14  20:01  Drone  
  14  20:08  Spawning Pool  
  14  20:13  Drone  
  14  20:22  Extractor  
  14  20:23  Drone  
Show
View Real Time Build Order
Export as new Build Order

Yourself Protoss 

Build Orders:  

Get SALT Encoding   

  12  6:19  Overlord  
  12  6:25  Drone x12  
  12  6:37  Unknown  
  12  6:45  Overlord  
  12  6:51  Drone x12  
  12  7:03  Unknown  
  12  7:15  Overlord  
  12  7:21  Drone x12  
  12  7:33  Unknown  
  12  9:01  Overlord  
  12  9:07  Drone x12  
  12  9:19  Unknown  
  12  11:48  Overlord  
  12  11:54  Drone x12  
  12  12:06  Unknown  
    18:12  Overlord  
    18:18  Drone x12  
    18:30  Unknown  
  12  19:19  Overlord  
  12  19:25  Drone x12  
  12  19:37  Unknown  
Tags
 
Add a new tag
Caveats
  • Supply blocks, unpowered buildings, or Contaminate may cause inaccurate times.
  • Supply counts are checked every 10 seconds.